 Dungeon Crawl Stone Soup version 0.17-a0-2027-gcac42c4 (webtiles) character file.

694 kosy22 the Shield-Bearer (level 7, -1/58 HPs)
             Began as a Demigod Fighter on Oct 10, 2015.
             Slain by kosy22's ghost (14 damage)
             ... on level 5 of the Dungeon.
             The game lasted 00:09:33 (4165 turns).

kosy22 the Shield-Bearer (Demigod Fighter)          Turns: 4165, Time: 00:09:34

Health: -1/58      AC:  9    Str: 23    XL:     7   Next: 14%
Magic:  9/9        EV:  9    Int: 12    God:
Gold:   142        SH: 11    Dex: 15    Spells: 0 memorised, 6 levels left

rFire  + . .     SeeInvis .     a - +0 war axe
rCold  + . .     Clarity  .     b - +0 scale mail
rNeg   . . .     SustAt   +     c - +1 shield
rPois  +         Gourm    .     (no helmet)
rElec  +         Spirit   .     d - +1 cloak
rCorr  +         Warding  .     (no gloves)
rMut   .         Stasis   .     (no boots)
MR     .....                    (no amulet)
Stlth  ..........               (no ring)
                                (no ring)

@: resistant, not resistant to hostile enchantments, extremely unstealthy
A: high mp 1, sustain attributes
a: no special abilities


You were on level 5 of the Dungeon.
You were not hungry.

You visited 1 branch of the dungeon, and saw 5 of its levels.
You also visited: Sewer.

You collected 142 gold pieces.

Inventory:

Hand Weapons
 a - a +0 war axe (weapon)
Armour
 b - a +0 scale mail (worn)
 c - a +1 shield (worn)
 d - a +1 cloak (worn)
Magical Staves
 n - an uncursed staff of power
Jewellery
 u - an uncursed ring of see invisible {unknown}
Wands
 x - a wand of random effects (27)
Scrolls
 f - 2 scrolls of amnesia {unknown}
 g - 5 scrolls of remove curse
 j - 2 scrolls of blinking
 m - 2 scrolls of magic mapping
 w - a scroll of identify
 y - a scroll of immolation {unknown}
Potions
 e - a potion of invisibility {unknown}
 h - a potion of resistance
 i - a potion of curing
 l - a potion of cancellation {unknown}
 p - a potion of lignification {unknown}
 q - a potion of beneficial mutation {unknown}
 r - a potion of brilliance {unknown}
 s - a potion of agility {unknown}
 t - 2 potions of poison {unknown}
 v - 2 potions of flight {unknown}


   Skills:
 + Level 3.7 Fighting
 + Level 4.0 Axes
 + Level 3.9 Armour
 + Level 3.1 Dodging
 + Level 1.1 Stealth
 + Level 4.4 Shields


You had 6 spell levels left.
You didn't know any spells.

Dungeon Overview and Level Annotations

Branches:
Dungeon (5/15)             Temple (0/1) D:4

Annotations:
D:5 kosy22's ghost, novice HOFi


Innate Abilities, Weirdness & Mutations

You have an increased reservoir of magic (+10% MP).
Your attributes are resistant to harm.


Message History

Kosy22's ghost is heavily damaged.
You block kosy22's ghost's attack.
You hit kosy22's ghost but do no damage.
Kosy22's ghost is heavily damaged.
Kosy22's ghost hits you.
Kosy22's ghost hits you but does no damage.
You barely miss kosy22's ghost.
Kosy22's ghost is heavily damaged.
Kosy22's ghost hits you!
* * * LOW HITPOINT WARNING * * *
Drink which item? (? for menu, Esc to quit)
You feel better.
You hear the brisk hiss of a distant avalanche of sand.
Kosy22's ghost hits you!
* * * LOW HITPOINT WARNING * * *
Drink which item? (? for menu, Esc to quit)
It was a potion of resistance.
You feel protected. Kosy22's ghost hits you!
You die...

#.#..<# #
#...#.....# #.
##).<#..####
#.#####..#....#
#.......##..#..#
###..###....# .#
###......##.# .#
###.........#..
#...@W#####..###
#.#.### #.# #
#.# .#
...........# .#
.####..###Z.#
#... .... .....
### ......
.......


You could see kosy22's ghost.

Vanquished Creatures
  Duvessa (D:4)
  A crocodile (Sewer)
  Dowan (D:4)
  A scorpion (D:4)
  A crimson imp (D:5)
  A hound (D:4)
  A centaur skeleton (D:5)
  An orc wizard (D:3)
  4 worker ants
  Robin (D:2)
  4 adders
  3 gnolls (D:4)
  A shadow imp (D:4)
  3 oozes
  4 worms
  A giant gecko (D:4)
  9 orcs
  8 giant cockroaches
  10 hobgoblins
  8 jackals
  5 kobolds
  4 quokkas
  A ball python (D:3)
  2 bats
  3 giant newts
  19 goblins
  7 rats
105 creatures vanquished.

Notes
Turn   | Place    | Note
--------------------------------------------------------------
     0 | D:1      | kosy22 the Demigod Fighter began the quest for the Orb.
     0 | D:1      | Reached XP level 1. HP: 18/18 MP: 3/3
   409 | D:1      | Reached XP level 2. HP: 25/25 MP: 4/4
   681 | D:2      | Reached skill level 3 in Armour
   744 | D:2      | Noticed Robin
   756 | D:2      | Killed Robin
   756 | D:2      | Reached XP level 3. HP: 19/31 MP: 5/5
  1022 | D:2      | Found a shadowy altar of Dithmenos.
  1440 | D:3      | Found a glowing drain.
  1459 | Sewer    | Entered a sewer
  1631 | Sewer    | Noticed a crocodile
  1650 | Sewer    | Killed a crocodile
  1650 | Sewer    | Reached skill level 1 in Dodging
  1650 | Sewer    | Reached XP level 4. HP: 8/38 MP: 6/6
  2071 | D:3      | Reached XP level 5. HP: 14/45 MP: 7/7
  2628 | D:3      | Found a glowing silver altar of Zin.
  2896 | D:3      | Reached skill level 4 in Shields
  3042 | D:3      | Found an iron altar of Okawaru.
  3295 | D:4      | Found a staircase to the Ecumenical Temple.
  3328 | D:4      | Reached XP level 6. HP: 45/51 MP: 8/8
  3351 | D:4      | Noticed Duvessa
  3373 | D:4      | Killed Duvessa
  3375 | D:4      | Noticed Dowan
  3400 | D:4      | Killed Dowan
  3608 | D:4      | Reached skill level 1 in Stealth
  3928 | D:5      | Entered Level 5 of the Dungeon
  3942 | D:5      | Reached XP level 7. HP: 30/57 MP: 9/9
  4136 | D:5      | Noticed kosy22's ghost (novice HOFi)
  4159 | D:5      | HP: 2/58 [kosy22's ghost (6)]
  4165 | D:5      | Slain by kosy22's ghost

Vault maps used:
D:1:      dpeg_arrival_triangle_fractal
D:2:      overflow_temple_1_default, uniq_robin
D:3:      overflow_temple_1_default, overflow_temple_1_default,
          portal_sewer_entry_c, serial_park_tiny_1, hex_large,
          hangedman_decor_clover_reticule
D:4:      minmay_temple_entry_glass, sigmund_edmund_badplayer,
          uniq_crazy_yiuf_cottage, uniq_duvessa
D:5:      gammafunk_temple_overflow_pools, old_standard_altar,
          nicolae_overflow_crystal_walls, first_bread,
          nicolae_ossuary_entry_ruins, serial_park_tiny_1,
          kennysheep_generic_room_5, uniq_prince_ribbit1
Sewer:    sewer_the_crocodile

Action                   |  1- 3 |  4- 6 |  7- 9 || total
-------------------------+-------+-------+-------++-------
Melee: War axe           |   135 |   210 |    33 ||   378
  Use: Scroll            |     7 |       |       ||     7
       Potion            |     1 |     1 |     5 ||     7
  Eat: Fruit             |     3 |     2 |       ||     5
       Bread ration      |       |     1 |       ||     1
       Meat ration       |       |     1 |       ||     1
